Map: 세룰리안 폴 - 래더

Players

Reynor

  • Race: Zerg Zerg
  • League: Master
  • Spawn Location: 7:00

Cure - Winner!

  • Race: Terran Terran
  • Spawn Location: 1:00

Event: HomeStory Cup XVIII

VOD

Have the link to the VOD?

Description

Time

  • Played on: Nov. 24, 2018, 1:15 p.m.
  • Length: 17:22

All games in this series

Show
View Real Time Build Order
Export as new Build Order

Reynor Zerg 

Build Orders: Hatch First, Brood Lord Corruptor 

Get SALT Encoding   

  12  0:00  Drone  
  13  0:12  Overlord  
  13  0:17  Drone  
  14  0:30  Drone x2  
  16  0:49  Hatchery  
  15  0:51  Drone  
  15  0:55  Drone  
  17  0:58  Drone  
  18  1:08  Extractor  
  17  1:14  Spawning Pool  
  17  1:18  Drone  
  17  1:21  Drone  
  18  1:28  Drone  
  19  1:39  Drone  
  20  1:52  Drone  
  21  2:00  Queen  
  21  2:01  Zergling x2, Queen  
  25  2:02  Zergling x2  
  27  2:18  Hatchery  
  26  2:23  Overlord  
  26  2:26  Drone  
  26  2:29  Drone  
  28  2:35  Metabolic Boost  
  28  2:42  Drone  
  28  2:44  Drone x2  
  31  2:49  Queen  
  33  2:54  Overlord  
  33  2:57  Drone  
  34  2:59  Drone  
  34  3:03  Drone  
  36  3:13  Queen  
  36  3:15  Drone  
  36  3:16  Overlord  
  36  3:17  Zergling x2  
  36  3:18  Zergling x2  
  41  3:22  Drone  
  41  3:23  Drone  
  43  3:28  Drone  
  43  3:30  Overlord, Drone  
  45  3:37  Queen  
  45  3:40  Drone x2  
  45  3:41  Drone  
  50  3:45  Drone x2  
  50  3:46  Drone  
  53  3:49  Drone  
  54  3:56  Queen  
  54  4:01  Zergling x8  
  58  4:03  Drone  
  58  4:07  Spore Crawler  
  58  4:08  Drone x2  
  60  4:12  Zergling x4  
  60  4:15  Overlord  
  60  4:16  Drone  
  63  4:17  Drone  
  63  4:19  Drone  
  63  4:23  Drone  
  66  4:25  Overlord  
  65  4:32  Overlord  
  65  4:34  Drone  
  65  4:37  Overlord  
  66  4:40  Extractor  
  66  4:41  Drone  
  66  4:42  Overlord  
  66  4:44  Drone x4  
  66  4:45  Drone  
  71  4:46  Evolution Chamber x2  
  68  4:53  Zergling x4  
  68  4:56  Drone x6  
  73  5:00  Spore Crawler  
  73  5:01  Spore Crawler  
  73  5:02  Drone  
  73  5:03  Drone  
  73  5:05  Drone x2  
  75  5:07  Drone  
  75  5:11  Zerg Ground Armor Level 1  
  76  5:14  Zerg Melee Weapons Level 1  
  76  5:15  Drone  
  76  5:18  Overlord  
  76  5:20  Drone x2  
  79  5:22  Extractor, Drone  
  79  5:23  Extractor  
  79  5:26  Drone x3  
  79  5:27  Drone  
  82  5:32  Drone x4  
  86  5:36  Extractor  
  86  5:37  Lair  
  85  5:43  Baneling Nest  
  85  5:44  Drone  
  84  5:50  Drone x2  
  84  5:52  Drone  
  84  5:54  Overlord  
  84  5:55  Zergling x6  
  90  6:01  Hatchery  
  89  6:08  Zergling x16  
  89  6:10  Overlord  
  97  6:15  Drone x3  
  97  6:17  Zergling x6  
  102  6:24  Overlord  
  102  6:28  Hatchery, Baneling x3  
  102  6:29  Baneling  
  101  6:33  Drone  
  101  6:34  Drone x7  
  101  6:37  Zergling x4  
  111  6:40  Centrifical Hooks  
  111  6:43  Baneling x5  
  111  6:44  Overlord  
  110  6:51  Drone x3, Baneling x2  
  110  6:52  Drone x4  
  116  6:54  Zergling x2  
  116  6:55  Queen  
  116  6:59  Zergling x2  
  116  7:00  Hydralisk Den  
  119  7:02  Overlord  
  119  7:06  Zergling x2  
  120  7:10  Baneling x3  
  120  7:11  Zergling x2  
  120  7:12  Zergling x8  
  120  7:14  Queen  
  127  7:18  Zergling x8  
  127  7:27  Zerg Melee Weapons Level 2, Zerg Ground Armor Level 2  
  127  7:33  Hydralisk x3  
  127  7:34  Zergling x4  
  135  7:41  Muscular Augments  
  135  7:44  Hydralisk x4  
  135  7:45  Hydralisk  
  135  7:48  Hatchery  
  144  7:55  Overlord  
  142  7:59  Hydralisk x3  
  142  8:00  Zergling x4  
  149  8:08  Overlord  
  149  8:13  Overlord x3  
  149  8:15  Pneumatized Carapace, Zergling x2  
  149  8:16  Zergling x14  
  149  8:18  Baneling x4  
  149  8:19  Baneling x3  
  154  8:36  Overseer  
  154  8:38  Drone x9  
  162  8:42  Zergling x2  
  162  8:43  Zergling x20  
  172  8:49  Zergling x14  
  172  8:50  Infestation Pit  
  172  8:51  Overlord  
  172  8:52  Extractor  
  172  8:54  Drone  
  177  9:04  Zergling x10  
  177  9:06  Baneling x6  
  177  9:08  Grooved Spines, Hydralisk x3  
  177  9:09  Hydralisk x3  
  193  9:15  Zergling x6  
  196  9:18  Baneling x6  
  196  9:20  Zergling x6  
  196  9:21  Overlord  
  198  9:31  Drone  
  199  9:32  Hive  
  199  9:39  Extractor  
  199  9:40  Extractor  
  197  9:45  Spine Crawler x2  
  197  9:46  Baneling x9  
  197  9:48  Overseer  
  180  10:02  Zergling x20  
  180  10:03  Zergling x22  
  195  10:10  Zergling x10  
  196  10:34  Baneling x11  
  196  10:35  Baneling  
  192  10:38  Spire  
  192  10:40  Hatchery  
  192  10:42  Baneling x10  
  178  10:43  Zergling x4  
  178  10:44  Zergling x46  
  189  10:53  Zergling x4  
  189  10:57  Hydralisk, Zergling x8  
  172  10:58  Queen, Zergling x4  
  172  10:59  Zergling x2  
  156  11:05  Hydralisk, Zergling x2  
  156  11:07  Zergling x6  
  156  11:10  Zergling x4  
  156  11:11  Overseer x2, Zergling x2  
  145  11:12  Hydralisk  
  145  11:16  Hydralisk x2  
  145  11:17  Zergling x2  
  140  11:18  Hydralisk  
  134  11:29  Zergling x2  
  134  11:30  Zergling x16  
  143  11:33  Hydralisk  
  143  11:37  Hydralisk  
  143  11:38  Zergling x10  
  152  11:42  Zergling x2  
  152  11:43  Zergling x8  
  152  11:44  Baneling x8  
  152  11:46  Zergling x2  
  156  11:57  Corruptor x7  
  156  11:59  Greater Spire, Zergling x2  
  156  12:00  Zergling x6  
  169  12:05  Baneling x9  
  169  12:14  Viper  
  169  12:15  Drone x5  
  174  12:17  Zergling x18  
  165  12:48  Zergling x28  
  153  13:09  Drone x2  
  153  13:11  Extractor  
  154  13:13  Brood Lord x6  
  154  13:14  Brood Lord  
  168  13:21  Zergling x24  
  168  13:22  Zergling x16  
  168  13:24  Extractor, Drone x4  
  168  13:25  Extractor, Drone  
  168  13:26  Zerg Flyer Weapons Level 1  
  193  13:31  Zergling x2  
  192  13:40  Adrenal Glands  
  173  13:43  Hatchery  
  173  13:44  Zergling x14  
  173  13:45  Zergling x6  
  170  13:53  Hydralisk  
  170  13:54  Hydralisk, Zergling x6  
  170  13:55  Zergling x2  
  144  14:07  Hydralisk x2, Zergling x2  
  144  14:08  Zergling x10  
  125  14:10  Zergling x4  
  115  14:28  Corruptor x3  
  119  14:35  Zergling x6  
  114  14:42  Unknown  
  108  14:59  Viper x3  
  104  15:00  Viper  
  104  15:02  Brood Lord x2  
  104  15:05  Brood Lord  
  122  15:07  Baneling  
  122  15:08  Baneling  
  119  15:24  Zergling x16  
  119  15:28  Corruptor x2  
  127  15:33  Drone x3  
  127  15:34  Infestor  
  135  15:38  Zergling x6  
  138  15:46  Corruptor x2  
  137  16:01  Brood Lord x2  
  139  16:16  Hatchery  
  137  16:22  Infestor x3  
  143  16:30  Brood Lord  
  143  16:31  Drone x3  
  148  16:33  Extractor  
  147  16:45  Zergling x18  
  136  16:54  Unknown  
  136  16:55  Zergling x8  
  140  17:02  Zergling x2  
  140  17:08  Unknown x4  
Show
View Real Time Build Order
Export as new Build Order

Cure Terran - Winner!

Build Orders: Reaper Expand, Hellion Banshee 

Get SALT Encoding   

  12  0:00  SCV  
  13  0:12  SCV  
  14  0:17  Supply Depot  
  14  0:24  SCV  
  15  0:39  SCV  
  15  0:40  Barracks  
  16  0:43  Refinery  
  16  0:51  SCV  
  17  1:03  SCV  
  18  1:15  SCV  
  19  1:27  Orbital Command, Reaper  
  20  1:39  Command Center  
  20  1:49  Supply Depot  
  20  1:53  SCV  
  21  1:59  Marine  
  22  2:05  SCV  
  23  2:11  Factory  
  23  2:17  SCV  
  23  2:20  Barracks Reactor  
  24  2:29  SCV  
  25  2:36  Command Center  
  25  2:41  SCV  
  26  2:50  Orbital Command  
  26  2:53  SCV  
  26  2:55  Refinery  
  27  3:02  Starport  
  27  3:05  SCV  
  28  3:15  Hellion x2  
  28  3:18  SCV x2  
  34  3:21  Barracks Tech Lab  
  34  3:30  SCV  
  34  3:31  SCV  
  36  3:36  Hellion x2  
  36  3:39  Viking  
  42  3:43  SCV  
  42  3:44  SCV  
  44  3:51  Orbital Command  
  44  3:54  Barracks Tech Lab  
  44  3:56  SCV x2  
  44  4:01  Hellion x2  
  50  4:09  SCV x2  
  52  4:11  Supply Depot  
  52  4:17  Banshee  
  52  4:19  SCV  
  52  4:21  SCV x2  
  58  4:29  Marine  
  59  4:33  Orbital Command  
  59  4:36  Stimpack  
  59  4:37  SCV  
  59  4:38  SCV  
  61  4:42  Supply Depot  
  61  4:43  Barracks  
  61  4:45  Factory Reactor  
  61  4:46  Barracks  
  61  4:49  SCV  
  61  4:50  Marine, SCV  
  61  4:51  Engineering Bay  
  61  4:52  Engineering Bay  
  64  4:58  SCV, Refinery  
  64  4:59  Refinery  
  65  5:02  SCV x2  
  67  5:09  Marine, Starport Reactor  
  67  5:11  SCV  
  67  5:14  SCV x2  
  71  5:15  Supply Depot  
  71  5:23  SCV  
  71  5:26  SCV x2  
  71  5:28  Terran Infantry Armor Level 1, Terran Infantry Weapons Level 1  
  74  5:31  Marine x2  
  74  5:33  Factory Reactor  
  74  5:34  Marine  
  77  5:36  Barracks  
  77  5:38  Barracks, SCV x3  
  77  5:40  Marine  
  77  5:41  Marine  
  82  5:44  Supply Depot x2  
  82  5:48  Medivac  
  84  5:53  SCV  
  85  6:05  Marine x5, SCV x3, Medivac  
  85  6:06  Supply Depot  
  85  6:07  Supply Depot  
  85  6:11  Widow Mine x2  
  99  6:19  SCV x2, Armory  
  99  6:22  Factory  
  99  6:24  Barracks Reactor  
  99  6:25  Barracks Reactor  
  101  6:28  SCV  
  101  6:29  Refinery  
  101  6:30  Supply Depot  
  101  6:32  Marine x3  
  99  6:33  Marine  
  99  6:34  Marine  
  99  6:39  SCV  
  106  6:40  SCV x2  
  107  6:51  SCV  
  107  6:52  SCV x2  
  107  6:53  Marine x5  
  114  6:54  Combat Shield, Widow Mine  
  114  6:56  Widow Mine  
  114  7:01  Supply Depot  
  118  7:02  Supply Depot  
  118  7:06  Drilling Claws  
  118  7:07  Widow Mine  
  120  7:11  Medivac x2  
  124  7:22  Marine x6  
  127  7:25  Marine x3  
  127  7:26  Terran Infantry Armor Level 2, Terran Infantry Weapons Level 2  
  130  7:32  Widow Mine x3  
  130  7:36  Supply Depot x2  
  136  7:37  Supply Depot  
  136  7:40  Marine  
  136  7:41  Medivac x2  
  141  7:50  Marine x2  
  141  7:57  Marine x5  
  146  7:59  Marine x2  
  146  8:00  Widow Mine  
  146  8:01  Widow Mine x2  
  153  8:08  Marine x2  
  153  8:09  Command Center  
  153  8:11  Medivac x2  
  159  8:13  Supply Depot  
  159  8:15  Sensor Tower, Supply Depot  
  159  8:16  Terran Vehicle And Ship Armor Level 1  
  159  8:19  SCV x3, Refinery  
  162  8:23  Marine x3  
  165  8:30  Marine  
  165  8:32  Widow Mine x3  
  165  8:34  Marine x3  
  164  8:35  Marine  
  164  8:37  Marine  
  165  8:41  Marine x2  
  165  8:43  Medivac  
  165  8:44  Medivac  
  167  8:50  Marine x2  
  167  8:51  Marine x2  
  167  8:53  Marine x2  
  167  8:54  Marine  
  174  8:59  Marine  
  174  9:01  Widow Mine x2  
  174  9:02  Widow Mine  
  181  9:10  Barracks  
  181  9:11  Barracks x2  
  181  9:20  Marine x6  
  185  9:37  Marine x2  
  185  9:38  Marine x2, Marauder  
  191  9:46  Sensor Tower  
  191  9:52  Marine x4, Unknown x2  
  189  9:55  Marine x2  
  189  9:56  Marine x2  
  189  9:59  Marauder  
  186  10:04  Medivac x2, Widow Mine x3  
  190  10:11  Barracks Tech Lab, Planetary Fortress  
  190  10:12  Barracks Tech Lab x2  
  190  10:13  Terran Infantry Weapons Level 3, Terran Vehicle And Ship Armor Level 2, Terran Infantry Armor Level 3  
  190  10:14  Command Center  
  188  10:21  Marauder  
  184  10:22  Marine x3  
  184  10:25  Widow Mine  
  184  10:26  Widow Mine x2  
  184  10:27  Marine x3  
  195  10:37  Marine x3  
  195  10:38  Marauder  
  195  10:39  Marauder  
  195  10:40  Marine x2  
  195  10:42  Marauder, Supply Depot  
  190  10:46  Marine x4  
  190  10:47  Widow Mine x2  
  190  10:48  Widow Mine  
  189  10:56  Marauder  
  178  10:59  Marauder  
  178  11:02  Marine x4  
  178  11:03  Marauder  
  178  11:04  Marine x2, Marauder  
  167  11:05  Marine x2  
  167  11:08  Widow Mine  
  163  11:17  Marauder  
  150  11:20  Marine, Marauder  
  150  11:24  Marine x4, Marauder  
  150  11:25  Marauder  
  160  11:26  Marine, Widow Mine x2  
  160  11:30  Widow Mine  
  157  11:36  Marine x2  
  157  11:38  Marine, Marauder  
  162  11:40  Medivac x2  
  162  11:41  Marine  
  167  11:49  SCV x3  
  169  11:54  Marine x4  
  169  11:55  Marauder x2  
  173  12:01  Orbital Command  
  170  12:23  Marine x4, Marauder  
  170  12:24  Marauder  
  178  12:32  Marine x4, Marauder x2  
  184  12:41  Marine x4  
  184  12:42  Medivac  
  184  12:43  Medivac  
  184  12:44  Planetary Fortress  
  192  12:45  Marauder x2  
  196  12:51  Unknown x2  
  196  12:57  Marine x4  
  196  12:58  Marauder x2  
  187  12:59  Marine x4  
  187  13:00  Unknown x2  
  187  13:01  Concussive Shells  
  170  13:06  Marine, Marauder  
  170  13:12  Widow Mine x3  
  177  13:13  Medivac x2  
  177  13:15  Marine x3  
  177  13:19  Marauder  
  184  13:21  SCV x5  
  184  13:25  Marine x2  
  184  13:26  Marauder  
  193  13:33  SCV  
  192  13:37  Marine x4  
  192  13:38  Marauder x2  
  192  13:40  Marine  
  185  13:49  Marine x3, Marauder x2  
  185  13:54  Orbital Command  
  141  14:28  Supply Depot x3  
  141  14:30  Supply Depot  
  132  14:32  Unknown x2  
  132  14:37  Marine  
  132  14:38  Marine x2  
  123  14:39  Marine, Widow Mine  
  123  14:40  Marine x3  
  123  14:41  Marine x2, Marauder  
  123  14:43  Medivac  
  123  14:44  Medivac  
  123  14:45  Marine, Widow Mine  
  123  14:47  Marauder  
  123  14:50  Widow Mine  
  123  14:55  Marine x2  
  123  14:56  Marine  
  123  14:57  Marine x2  
  123  14:58  Marine x2  
  123  14:59  Marine x2  
  125  15:01  Widow Mine  
  125  15:02  Marauder  
  125  15:03  Marine  
  125  15:04  Supply Depot  
  125  15:05  Supply Depot  
  125  15:06  Command Center  
  130  15:07  Widow Mine  
  130  15:08  Sensor Tower  
  130  15:09  Marauder  
  130  15:11  Widow Mine  
  130  15:13  Marine x2, Medivac x2  
  142  15:14  Marauder  
  142  15:15  Marine x2  
  142  15:16  Marine x2  
  142  15:17  Marine  
  147  15:23  Marauder  
  147  15:27  Starport  
  146  15:29  Starport  
  146  15:30  Marauder, Refinery  
  146  15:33  SCV  
  146  15:34  SCV x3, Refinery  
  146  15:35  SCV  
  152  15:43  Medivac x2  
  150  16:00  Widow Mine x2  
  150  16:01  Marine x8, Marauder x4, Widow Mine  
  150  16:02  SCV x4  
  171  16:07  Refinery x2  
  171  16:16  Refinery  
  171  16:17  Starport Reactor x2, Refinery  
  171  16:24  Marine x6  
  171  16:25  Marauder x3  
  183  16:31  Marine, Marauder  
  186  16:41  Marine  
  186  16:45  Marine x2  
  186  16:55  Marine x2  
  186  17:04  Marine x3, Supply Depot  
  186  17:05  Supply Depot  
Tags
 
Add a new tag
Caveats
  • Supply blocks, unpowered buildings, or Contaminate may cause inaccurate times.
  • Supply counts are checked every 10 seconds.